 Dungeon Crawl Stone Soup version 0.30-a0-377-g5cb311bc9f (webtiles) character file.

Game seed: 577802095434268661

36 Chaicat the Frost Mage (level 3, 0/28 HPs)
             Began as a Gnoll Wanderer on Nov 28, 2022.
             Slain by Natasha (3 damage)
             ... on level 2 of the Dungeon.
             The game lasted 00:03:36 (1365 turns).

Chaicat the Frost Mage (Gnoll Wanderer)             Turns: 1365, Time: 00:03:36

Health: 0/28       AC:  6    Str: 12    XL:     3   Next: 37%
Magic:  9/9        EV: 11    Int: 12    God:
Gold:   101        SH:  0    Dex: 11    Spells: 12/12 levels left

rFire   . . .      SeeInvis .    e - +0 mace (holy)
rCold   . . .      Faith    .    (no shield)
rNeg    . . .      Spirit   .    f - +0 ring mail
rPois   .          Reflect  .    (no helmet)
rElec   .          Harm     .    (no cloak)
rCorr   .          Rampage  .    (no gloves)
Will    .....                    h - +0 pair of boots
Stlth   +.........               (no amulet)
HPRegen 0.24/turn                (no ring)
MPRegen 0.11/turn                (no ring)

@: slowed, very slow
A: fangs 1, strong nose, distributed training
a: no special abilities


You were on level 2 of the Dungeon.
You visited 1 branch of the dungeon, and saw 2 of its levels.

You collected 101 gold pieces.

Inventory:

Hand Weapons
 e - a +0 mace of holy wrath (weapon)
Armour
 f - a +0 ring mail (worn)
 h - a +0 pair of boots (worn)
Scrolls
 a - a scroll of teleportation {unknown}
Potions
 b - a potion of haste
Miscellaneous
 d - a piece from Xom's chessboard (10/15) (quivered)


   Skills:
 + Level 2.6 Fighting
 + Level 0.8 Short Blades
 + Level 0.8 Long Blades
 + Level 0.8 Axes
 + Level 0.8 Maces & Flails
 + Level 0.8 Polearms
 + Level 0.8 Staves
 + Level 0.8 Ranged Weapons
 + Level 0.8 Throwing
 + Level 0.8 Armour
 + Level 2.6 Dodging
 + Level 0.8 Stealth
 + Level 0.8 Shields
 + Level 0.8 Unarmed Combat
 + Level 5.0 Spellcasting
 + Level 0.5 Conjurations
 + Level 0.5 Hexes
 + Level 0.5 Summonings
 + Level 0.5 Necromancy
 + Level 0.5 Translocations
 + Level 0.5 Transmutations
 + Level 0.5 Fire Magic
 + Level 8.7 Ice Magic
 + Level 0.5 Air Magic
 + Level 0.5 Earth Magic
 + Level 0.5 Poison Magic
 + Level 1.0 Invocations
 + Level 2.6 Evocations


You had 12 spell levels left.
You didn't know any spells.
Your spell library contained the following spells:

 Spells                   Type           Power      Damage    Failure   Level
 Freeze                   Ice            96%        1d10      1%          1
 Frozen Ramparts          Ice            48%        1d8       3%          3
 Slow                     Hex            16%        N/A       34%         1
 Summon Ice Beast         Ice/Summ       14%        N/A       54%         4
 Tukima's Dance           Hex            4%         N/A       71%         3


Dungeon Overview and Level Annotations

Branches:
Dungeon (2/15)

Altars:

Shops:
D:1 :

Annotations:
D:2 Natasha


Innate Abilities, Weirdness & Mutations

You have very sharp teeth.
Your uncanny sense of smell can sniff out nearby items.
Your experience applies equally to all skills.


Message History

You feel yourself slow down.
Non-targeted evoke: piece from Xom's chessboard (13/15)
Press: ? - help, Q - select action Dir - look around, f - activate You make a move on Xom's chessboard...
Nothing appears to happen.
Natasha mumbles some strange words.
Non-targeted evoke: piece from Xom's chessboard (12/15)
Press: ? - help, Q - select action Dir - look around, f - activate You make a move on Xom's chessboard...
The shadow imp falls asleep!
Natasha stares at you and mumbles some strange words.
You feel as though you will be slow longer.
Non-targeted evoke: piece from Xom's chessboard (11/15)
Press: ? - help, Q - select action Dir - look around, f - activate You make a move on Xom's chessboard...
Natasha resists with significant effort.
The shadow imp shouts, "Despair, thou obnoxious fool-born nert!"
Natasha stops moving altogether!
You are too injured to fight recklessly!
You are too injured to fight recklessly!
You barely miss the shadow imp. The shadow imp barely misses you.
The shadow imp hits you but does no damage.
You hit the shadow imp.
The shadow imp convulses.
The shadow imp is severely wounded.
The shadow imp gestures at you.
You barely resist. The shadow imp closely misses you.
You closely miss the shadow imp. Your bite misses the shadow imp.
The shadow imp is severely wounded.
The shadow imp gestures at you. Pain shoots through your body!
* * * LOW HITPOINT WARNING * * *
The shadow imp hits you.
* * * LOW HITPOINT WARNING * * *
You hit the shadow imp.
You kill the shadow imp!
The shadow imp disappears in a puff of smoke!
The white imp disappears in a puff of smoke!
Natasha is no longer petrified.
You closely miss Natasha.
Natasha is heavily wounded.
Natasha claws you.
You die...

#.###.# ..... # #.
#.### .... ....# .#.
..# .. . #.####. ##.
#.).#.# #..
#..##.###.##########
#.#..#).#.##....@..#
#.###[##..##...h...#
..#.#.#............#
.##..####..........#
........#.#........#
#.###.....#........#
#.......#.#....[...#
#####.###.#.########
#.# #...#


You could see Natasha.

Vanquished Creatures
  A worm (D:2)
  2 dart slugs (D:1)
  A bat (D:2)
  3 endoplasms (D:1)
  6 goblins
  3 hobgoblins
  A quokka (D:1)
  2 ball pythons (D:1)
  A frilled lizard (D:1)
  3 kobolds
  3 rats (D:1)
26 creatures vanquished.

Notes
Turn   | Place    | Note
-------+----------+-------------------------------------------
     0 | D:1      | Chaicat the Gnoll Wanderer began the quest for the Orb.
     0 | D:1      | Chaicat set off with the following items: a +0 dagger, a
                  | potion of haste, a +0 robe, a piece from Xom's chessboard
                  | (15/15); and the following spells available to memorise:
                  | Freeze, Frozen Ramparts, Slow, Summon Ice Beast, Tukima's
                  | Dance.
     0 | D:1      | Reached XP level 1. HP: 17/17 MP: 6/6
    99 | D:1      | Reached XP level 2. HP: 15/23 MP: 7/7
   765 | D:1      | Reached skill level 5 in Spellcasting
   765 | D:1      | Reached XP level 3. HP: 23/28 MP: 7/9
   798 | D:1      | Found Kulasaerr's Book Emporium.
  1321 | D:2      | Reached skill level 1 in Invocations
  1336 | D:2      | Noticed Natasha
  1362 | D:2      | HP: 1/28 [shadow imp[Natasha] (2)]
  1365 | D:2      | Slain by Natasha

Illustrated notes

Levels and vault maps discovered:
D:1:      dpeg_arrival_arbitrary_a, layout_basic, serial_shops,
          nicolae_shop_trees
D:2:      layout_loops_cross, serial_shops, shop, minmay_octomino_j4,
          uniq_natasha

Skill      XL: |  1  2  3 |
---------------+----------+-----
Spellcasting   | 5 |  5.0
Invocations    | 1 |  1.0
Fighting       | |  2.6
Short Blades   | |  0.8
Long Blades    | |  0.8
Axes           | |  0.8
Maces & Flails | |  0.8
Polearms       | |  0.8
Staves         | |  0.8
Ranged Weapons | |  0.8
Throwing       | |  0.8
Armour         | |  0.8
Dodging        | |  2.6
Stealth        | |  0.8
Shields        | |  0.8
Unarmed Combat | |  0.8
Conjurations   | |  0.5
Hexes          | |  0.5
Summonings     | |  0.5
Necromancy     | |  0.5
Translocations | |  0.5
Transmutations | |  0.5
Fire Magic     | |  0.5
Ice Magic      | |  8.7
Air Magic      | |  0.5
Earth Magic    | |  0.5
Poison Magic   | |  0.5
Evocations     | |  2.6

Action                   || total
-------------------------++-------
Melee: Dagger            ||    58
       Punch             ||     4
       Bite              ||    11
       Mace              ||    63
Evoke: Piece from Xom's  ||     6
  Use: Scroll            ||     4
 Stab: Sleeping          ||     1
Armor: Robe              ||     6
       Ring mail         ||    25
Dodge: Dodged            ||    64

Table legend: (Time is in decaauts)
 A = Elapsed time spent in this place.
 B = Non-inter-level travel time spent in this place.
 C = Inter-level travel time spent in this place.
 D = Time resting spent in this place.
 E = Time spent auto-exploring this place.
 F = Levels seen in this place.
 G = Mean time per level.
                   A        B        C        D        E       F      G
               +--------+--------+--------+--------+--------+-----+--------+
         Total |   1392 |   1371 |     21 |     92 |   1002 |   2 |  696.0 |
       Dungeon |   1392 |   1371 |     21 |     92 |   1002 |   2 |  696.0 |
               +--------+--------+--------+--------+--------+-----+--------+

Top non-repeatable levels by time:
     D:1: 1111 daAuts
     D:2: 280 daAuts
